 Dungeon Crawl Stone Soup version 0.29.1-15-g9cfb28693d (webtiles) character file.

Game seed: 11712455558922134499

28 protoss039 the Digger (level 2, -1/21 HPs)
             Began as a Demonspawn Earth Elementalist on Mar 9, 2023.
             Slain by a worm (11 damage)
             ... on level 2 of the Dungeon.
             The game lasted 00:00:54 (1798 turns).

protoss039 the Digger (DsEE)                        Turns: 1798, Time: 00:00:55

Health: -1/21      AC:  2    Str:  8    XL:     2   Next: 96%
Magic:  4/5        EV: 12    Int: 16    God:
Gold:   95         SH:  0    Dex: 13    Spells: 2/5 levels left

rFire   . . .      SeeInvis .   d - +0 club
rCold   . . .      Faith    .   (no shield)
rNeg    . . .      Spirit   .   a - +0 robe
rPois   .          Reflect  .   (no helmet)
rElec   .          Harm     .   (no cloak)
rCorr   .          Rampage  .   (no gloves)
Will    .....                   (no boots)
Stlth   ++........              j - amulet of magic regeneration
HPRegen 0.07/turn               (no ring)
MPRegen 0.49/turn               (no ring)

@: no status effects
A: spiny 1
a: no special abilities


You were on level 2 of the Dungeon.
You visited 1 branch of the dungeon, and saw 2 of its levels.

You collected 95 gold pieces.

Inventory:

Hand Weapons
 d - a +0 club (weapon)
Armour
 a - a +0 robe (worn)
Jewellery
 j - an amulet of magic regeneration (around neck)
Scrolls
 c - 2 scrolls of identify {unknown}
 f - 2 scrolls of enchant armour {unknown}
 h - a scroll of fear {unknown}
 l - a scroll of magic mapping {unknown}
Potions
 b - a potion of magic
 e - a potion of resistance {unknown}
 g - 3 potions of heal wounds {unknown}
 i - a potion of might {unknown}
 k - a potion of cancellation {unknown}


   Skills:
 + Level 1.3 Fighting
 - Level 1.7 Dodging
 - Level 1.7 Stealth
 + Level 2.4 Spellcasting
 - Level 0.8 Transmutations
 + Level 3.1 Earth Magic


You had 2 spell levels left.
You knew the following spells:

 Your Spells              Type           Power      Damage    Failure   Level
a - Sandblast             Erth           22%        2d7       5%          1
b - Passwall              Tmut/Erth      6%         N/A       13%         2

Your spell library contained the following spells:

 Spells                   Type           Power      Damage    Failure   Level
 Blink                    Tloc           2%         N/A       30%         2
 Stone Arrow              Conj/Erth      12%        3d7       30%         3
 Lesser Beckoning         Tloc           1%         N/A       52%         3
 Petrify                  Tmut/Erth      8%         N/A       65%         4
 Manifold Assault         Tloc           1%         N/A       99%         5


Dungeon Overview and Level Annotations

Branches:
Dungeon (2/15) Zot: 10143

Altars:


Innate Abilities, Weirdness & Mutations

You are partially covered in sharp spines.


Message History

Key pressed, stopping explore.
No target in view!
Key pressed, stopping explore.
No target in view!
g - 3 blue potions (gained 1) Key pressed, stopping explore.
No target in view!
Found a club.
Found a faded altar of an unknown god.
No target in view!
You now have 87 gold pieces (gained 8).
Key pressed, stopping explore.
No target in view!
You open the door.
There is an open door here.
Found a dagger.
No target in view!
There is an open door here.
Key pressed, stopping explore.
No target in view!
You now have 95 gold pieces (gained 8).
l - a scroll labelled WACKOTE ZEPO No target in view!
A worm comes into view.
The worm is struck by your spines. The worm bites you!
Ouch! That really hurt!
A worm is nearby!
You are too injured to fight recklessly!
A worm is nearby!
You are too injured to fight recklessly!
A worm is nearby!
Casting: Sandblast (safe; 5% risk of failure)
Confirm with . or Enter, or press ? or * to list all spells.
Aiming: Sandblast (safe; 5% risk of failure)
Press: ? - help, Shift-Dir - straight line, f - worm
Aim: a worm (moderately wounded, 94% to hit)
The blast of sand hits the worm!
The worm is almost dead.
The worm is struck by your spines. The worm bites you!
Ouch! That really hurt!
You die...

#. #. #. ... .#
##############
#............#
#@####....#.## #w#
#....#.# #.#
#....#.# #.#
#....#.# #.#
#....#.#
#.####....#.##
#.#...........
#.#.##############
#.#....#.......#


You could see a worm.

Vanquished Creatures
  2 dart slugs (D:1)
  3 ball pythons
  A bat (D:1)
  2 endoplasms (D:1)
  A giant cockroach (D:1)
  3 goblins
  2 hobgoblins
  2 quokkas (D:1)
  2 frilled lizards (D:1)
  A kobold (D:1)
  3 rats
22 creatures vanquished.

Notes
Turn   | Place    | Note
-------+----------+-------------------------------------------
     0 | D:1      | protoss039 the Demonspawn Earth Elementalist began the
                  | quest for the Orb.
     0 | D:1      | Reached XP level 1. HP: 13/13 MP: 3/3
   351 | D:1      | Gained mutation: You are partially covered in sharp spines.
                  | [demonic ancestry]
   351 | D:1      | Reached XP level 2. HP: 18/20 MP: 1/5
   527 | D:1      | Reached skill level 1 in Fighting
   588 | D:1      | Reached skill level 3 in Earth Magic
  1223 | D:1      | Learned a level 2 spell: Passwall
  1698 | D:2      | Found a faded altar of an unknown god.
  1798 | D:2      | Slain by a worm

Illustrated notes

Levels and vault maps discovered:
D:1:      lightli_arrival_lavapool, layout_basic,
          minmay_misc_feat_secret_circle, minivault_26, kennysheep_small_spiral,
          serial_bayou_lake_a
D:2:      layout_basic, ebering_ecumenical_altar_rust,
          kennysheep_generic_room_12

Skill      XL: |  1  2 |
---------------+-------+-----
Fighting       | 1 |  1.3
Earth Magic    | 3 |  3.1
Dodging        | |  1.7
Stealth        | |  1.7
Spellcasting   | |  2.4
Transmutations | |  0.8

Action                   || total
-------------------------++-------
Melee: Club              ||    32
 Cast: Sandblast         ||    10
Armor: Robe              ||     3
Dodge: Dodged            ||    20
